 Dungeon Crawl Stone Soup version 0.31.0-11-ge490571c62 (webtiles) character file.

Game seed: 17908970465380963542

0 shadowrider38 the Caller (level 1, 0/13 HPs)
             Began as a Human Summoner on Jan 27, 2024.
             Slain by a hobgoblin (3 damage)
             ... on level 1 of the Dungeon.
             The game lasted 00:00:36 (211 turns).

shadowrider38 the Caller (Human Summoner)            Turns: 211, Time: 00:00:37

Health: 0/13       AC:  2    Str:  8    XL:     1   Next: 10%
Magic:  2/3        EV: 12    Int: 15    God:
Gold:   29         SH:  0    Dex: 13    Spells: 3/4 levels left

rFire   . . .        (no weapon)
rCold   . . .        (no shield)
rNeg    . . .        a - +0 robe
rPois   .            (no helmet)
rElec   .            (no cloak)
rCorr   .            (no gloves)
SInv    .            (no boots)
Will    .....        (no amulet)
Stlth   ++           (no ring)
HPRegen 0.22/turn    (no ring)
MPRegen 0.08/turn

%: no passive effects
@: no status effects
A: explore regen
a: no special abilities


You were on level 1 of the Dungeon.
You visited 1 branch of the dungeon, and saw 1 of its levels.

You collected 29 gold pieces.

Inventory:

Armour
 a - a +0 robe (worn)
Scrolls
 c - a scroll of poison {unknown}


   Skills:
 - Level 2.0 Dodging
 - Level 2.0 Stealth
 - Level 2.0 Spellcasting
 + Level 4.0 Summonings


You had 3 spell levels left.
You knew the following spells:

 Your Spells              Type           Power      Damage    Failure   Level
a - Summon Small Mammal   Summ           52%        N/A       4%          1

Your spell library contained the following spells:

 Spells                   Type           Power      Damage    Failure   Level
 Call Imp                 Summ           26%        N/A       6%          2
 Call Canine Familiar     Summ           13%        N/A       13%         3
 Summon Blazeheart Golem  Fire/Summ      7%         N/A       67%         4
 Summon Lightning Spire   Summ/Air       7%         N/A       67%         4


Dungeon Overview and Level Annotations

Branches:
Dungeon (1/15) Zot: 5788

Altars:


Innate Abilities, Weirdness & Mutations

You regain HP and MP as you explore.


Message History

Your rat bites the hobgoblin but does no damage.
The hobgoblin hits your rat.
Your rat dies!
Your rat's corpse disappears in a puff of smoke!
Your bat hits the hobgoblin.
Your bat closely misses the hobgoblin.
The hobgoblin hits your bat.
Your bat dies!
Your bat's corpse disappears in a puff of smoke!
A kobold comes into view. It is wielding a +0 club.
Casting: Summon Small Mammal (safe; 4% risk of failure)
Confirm with . or Enter, or press ? or * to list all spells.
The kobold shouts!
Unknown command.
Casting: Summon Small Mammal (safe; 4% risk of failure)
Confirm with . or Enter, or press ? or * to list all spells.
Your rat barely misses the hobgoblin.
Unknown command.
Your rat bites the kobold but does no damage.
Your rat bites the hobgoblin.
The kobold hits your rat with a +0 club.
Your rat dies!
Your rat's corpse disappears in a puff of smoke!
You barely miss the hobgoblin.
The hobgoblin is moderately wounded.
The hobgoblin hits you.
Your rat barely misses the hobgoblin.
You hit the hobgoblin but do no damage. Your punch misses the hobgoblin.
The hobgoblin is moderately wounded.
The hobgoblin hits you but does no damage.
Your rat closely misses the hobgoblin.
Unknown command.
The hobgoblin hits you.
Your rat closely misses the hobgoblin.
Unknown command.
Unknown command.
The hobgoblin closely misses you. The kobold closely misses your rat.
Magic courses through your body. The hobgoblin hits you.
* * * LOW HITPOINT WARNING * * *
Your rat bites the hobgoblin.
The kobold hits your rat with a +0 club.
Casting: Summon Small Mammal (safe; 4% risk of failure)
Confirm with . or Enter, or press ? or * to list all spells.
The hobgoblin closely misses you.
Your rat barely misses the hobgoblin.
The kobold hits your rat with a +0 club.
Your quokka bites the hobgoblin but does no damage.
Your quokka closely misses the hobgoblin.
The kobold hits your quokka with a +0 club.
Your rat barely misses the hobgoblin.
The hobgoblin attacks as it pursues you!
The hobgoblin hits you.
You die...

#$....# #.#
#.....# #.#
+.....# #)#
#.....# ####.##
#.....# #.....#
#####.###.##..#
#####.....#...#
#....r).....#.#
#.@g.r.K....#...
#=.........#####.#
#########.## # #.#
#.# ..# ... ....
....


You could see a hobgoblin (ally target), a kobold, a friendly quokka (summoned)
and a friendly rat (summoned).

Vanquished Creatures (collateral kills)
  A kobold (D:1)
1 creature vanquished.

Notes
Turn   | Place    | Note
-------+----------+-------------------------------------------
     0 | D:1      | shadowrider38 the Human Summoner began the quest for the
                  | Orb.
     0 | D:1      | Reached XP level 1. HP: 13/13 MP: 3/3
   211 | D:1      | Slain by a hobgoblin

Illustrated notes

Levels and vault maps discovered:
D:1:      lightli_molten_gateway, layout_basic

Action                     || total
---------------------------++-------
  Melee: Unarmed           ||     2
   Cast: Summon Small Mamm ||     8
    Use: Potion            ||     1
 Armour: Robe              ||     5
  Dodge: Dodged            ||     2
